 Dungeon Crawl Stone Soup version 0.31.0 (webtiles) character file.

Game seed: 2654564394685387080

2583 qw the Skirmisher (level 9, -1/57 HPs)
             Began as a Gargoyle Hunter on Jan 19, 2024.
             Was a Believer of Okawaru.
             Constricted to death by Erica (3 damage)
             ... on level 8 of the Dungeon.
             The game lasted 00:00:30 (5782 turns).

qw the Skirmisher (Gargoyle Hunter)                 Turns: 5782, Time: 00:00:31

Health: -1/57      AC: 20    Str: 15    XL:     9   Next: 58%
Magic:  10/12      EV: 11    Int: 10    God:    Okawaru [**....]
Gold:   118        SH:  0    Dex: 17    Spells: 8/8 levels left

rFire   + . .        s - +0 orcbow
rCold   . . .        (shield currently unavailable)
rNeg    + + .        f - +2 ring mail {rF+}
rPois   inf          (no helmet)
rElec   +            e - +0 cloak
rCorr   +            r - +0 pair of gloves
SInv    .            c - +1 pair of boots
Will    .....        p - amulet of faith
Stlth   +++          k - ring of resist corrosion
HPRegen 0.29/turn    j - ring of positive energy
MPRegen 0.13/turn

%: faith
@: heroic, slowed, constricted, very slow
A: sickness immunity, AC +6, negative energy resistance 1, electricity
resistance, torment resistance 1, petrification resistance
a: Renounce Religion, Heroism


You were on level 8 of the Dungeon.
You worshipped Okawaru.
Okawaru was pleased with you.
You visited 2 branches of the dungeon, and saw 9 of its levels.
You also visited: Ossuary.

You collected 430 gold pieces.
You spent 312 gold pieces at shops.


Innate Abilities, Weirdness & Mutations

You are immune to sickness and miasma.
Your stone body is resilient. (AC +6)
You are immune to poison.
You resist negative energy. (rN+)
You are resistant to electric shocks. (rElec)
You are resistant to unholy torment.
You are immune to petrification.


   Skills:
 - Level 7.1(12.1) Fighting
 + Level 10.6(15.6) Ranged Weapons
 - Level 3.0(8.0) Armour
 - Level 2.0(7.0) Dodging
 - Level 1.1(6.1) Stealth
 - Level 4.1 Invocations


You had 8 spell levels left.
You didn't know any spells.
Your spell library was empty.

Inventory:

Hand Weapons
 d - a +5 antimagic hand cannon
 s - a +0 orcbow (weapon)
Armour
 c - a +1 pair of boots (worn)
 e - a +0 cloak (worn)
 f - a +2 ring mail of fire resistance (worn)
 r - a +0 pair of gloves (worn)
 t - +0 acid dragon scales
Jewellery
 j - a ring of positive energy (right hand)
 k - a ring of resist corrosion (left hand)
 p - an amulet of faith (around neck)
Wands
 g - a wand of paralysis (10)
Scrolls
 a - a scroll of identify
 q - 3 scrolls of teleportation
Potions
 b - 2 potions of haste
 h - 7 potions of curing
 i - 3 potions of mutation
 l - 2 potions of enlightenment
 m - a potion of cancellation
 n - a potion of heal wounds
 o - a potion of might

Dungeon Overview and Level Annotations

Branches:
Dungeon (8/15)             Temple (1/1) D:5         Ossuary (visited)
   Lair: D:8-11

Altars:
Ashenzari
Cheibriados
Dithmenos
Elyvilon
Fedhas
Gozag
Hepliaklqana
Kikubaaqudgha
Makhleb
Nemelex Xobeh
Okawaru
Qazlal
Ru
Sif Muna
Trog
Uskayaw
Wu Jian
Xom
Yredelemnul
Zin
The Shining One

Shops:
D:1 (   D:6 *!:

Annotations:
D:8 Erica


Message History

The killer bee is moderately wounded.
The killer bee closely misses you. The killer bee stings you.
5777 ||| INVOKING Heroism.
You gain the combat prowess of a mighty hero.
The killer bee stings you but does no damage. x2
The killer bee completely misses you.
The killer bee stings you but does no damage.
Erica mumbles some strange words.
Erica flickers and vanishes!
Deactivating autopickup; reactivate with Ctrl-A.
You shoot an arrow.
The arrow closely misses the killer bee.
The killer bee stings you.
The killer bee stings you but does no damage.
The killer bee completely misses you. Something hits you! Something grabs you.
You are constricted.
The killer bee stings you but does no damage.
You shoot an arrow.
The arrow closely misses the killer bee.
The killer bee stings you but does no damage. x2
You shoot an arrow. The arrow barely misses the killer bee.
The killer bee stings you but does no damage.
The killer bee barely misses you.
You hear some strange, mumbled words.
You feel yourself slow down.
You are constricted.
The killer bee completely misses you. The killer bee stings you.
You shoot an arrow. The arrow misses the killer bee.
The killer bee stings you but does no damage.
The killer bee stings you. Something hits you but does no damage.
You are constricted.
The killer bee stings you but does no damage.
The killer bee stings you.
You shoot an arrow. The arrow misses the killer bee.
The killer bee stings you but does no damage.
The killer bee closely misses you. x2; The killer bee stings you.
Something hits you! Something burns you.
You are constricted.
The killer bee stings you but does no damage.
The killer bee stings you. Something hits you but does no damage.
You are constricted.
You die...

...... .....
.... ... ####..
..###....
#.....{.# #
#@## #..##.#yy#
..<.x..y.#
....##.........
.. .....[.....
.....#.#.....
#....# ##.....
#.... .....
#..... ....


You could see 3 killer bees.

Vanquished Creatures
  3 steam dragons
  An acid dragon (D:7)
  A black bear (D:7)
  A sky beast (D:6)
  An ogre (D:5)
  A kobold brigand (D:7)
  A bullfrog (D:6)
  A gnoll sergeant (D:6)
  8 scorpions
  4 bombardier beetles
  3 centaur zombies (Ossuary)
  2 hounds
  6 orc priests
  2 human zombies (Ossuary)
  A gnoll bouda (D:6)
  2 sleepcaps (D:5)
  2 iguanas (D:6)
  3 orc wizards
  A scorpion zombie (Ossuary)
  3 mummies (Ossuary)
  13 gnolls
  8 adders
  A shadow imp (D:5)
  An adder zombie (Ossuary)
  3 ribbon worms
  2 dart slugs
  30 orcs
  6 endoplasms
  A giant cockroach (D:1)
  7 goblins
  12 jackals
  4 quokkas
  A ball python (D:1)
  2 ball python zombies (Ossuary)
  7 bats
  3 frilled lizards
  A gnoll zombie (Ossuary)
  2 jackal zombies (Ossuary)
  12 kobolds
  3 orc zombies (Ossuary)
  8 rats
174 creatures vanquished.

Notes
Turn   | Place    | Note
-------+----------+-------------------------------------------
     0 | D:1      | qw the Gargoyle Hunter began the quest for the Orb.
     0 | D:1      | Reached XP level 1. HP: 12/12 MP: 1/1
     0 | D:1      | 0 ||| qw: Version: 0.3-a-132-g3d54051
     0 | D:1      | 0 ||| qw: Game counter: 237
     0 | D:1      | 0 ||| qw: Melee chars always use a shield: true
     0 | D:1      | 0 ||| qw: God list: Okawaru
     0 | D:1      | 0 ||| qw: Allow faded altars: false
     0 | D:1      | 0 ||| qw: Do Orc after clearing Dungeon:15 true
     0 | D:1      | 0 ||| qw: Do second Lair branch before Depths: true
     0 | D:1      | 0 ||| qw: Lair rune preference: random
     0 | D:1      | 0 ||| qw: Goals: Normal
     0 | D:1      | 0 ||| PLANNING D:1-11
    62 | D:1      | Reached XP level 2. HP: 17/17 MP: 2/2
   223 | D:1      | Found a faded altar of an unknown god.
   271 | D:1      | Found Cices's Weapon Emporium.
   280 | D:1      | 280 ||| SHOPLISTING +6 orcbow "Filajeyk" {flame, +Blink
                  | Int+6 Dex-4} (599 gold, have 0).
   523 | D:1      | 523 ||| UPGRADING to ring of resist corrosion.
   524 | D:1      | 524 ||| READING scroll labelled JUAMIXZEGOA.
   525 | D:1      | 525 ||| READING scroll labelled FYCOF CERO.
   526 | D:1      | 526 ||| READING scroll labelled GUEGYO OXIEHI.
   527 | D:1      | 527 ||| READING scroll labelled TUOH CARHOFOMO.
   628 | D:1      | 628 ||| READING scroll labelled GYODUBB GAQE.
   628 | D:1      | 628 ||| IDENTIFYING purple potion
   629 | D:1      | 629 ||| DRINKING 2 fizzy ruby potions.
   734 | D:1      | 734 ||| DROPPING scroll of butterflies.
   735 | D:1      | 735 ||| DROPPING potion of ambrosia.
   736 | D:1      | 736 ||| DROPPING potion of berserk rage.
   784 | D:2      | Reached XP level 3. HP: 21/21 MP: 3/3
   809 | D:2      | Reached skill level 5 in Ranged Weapons
  1073 | D:2      | 1073 ||| FLEEEEING.
  1074 | D:2      | 1074 ||| STAIRDANCE
  1085 | D:1      | 1085 ||| DROPPING ring of wizardry.
  1086 | D:1      | 1086 ||| READING scroll labelled WEIGYN FEOGIOZ.
  1086 | D:1      | Identified a scroll of acquirement
  1086 | D:1      | 1086 ||| ACQUIRING +4 antimagic hand cannon
  1086 | D:1      | Acquired a +4 antimagic hand cannon
  1088 | D:1      | 1088 ||| SWAPPING to +4 antimagic hand cannon.
  1089 | D:1      | 1089 ||| DROPPING +0 shortbow.
  1090 | D:1      | 1090 ||| READING scroll labelled LAPRING DUXE.
  1265 | D:2      | 1265 ||| UPGRADING to +0 ring mail.
  1275 | D:2      | 1275 ||| DROPPING +0 leather armour.
  1676 | D:3      | Reached XP level 4. HP: 25/27 MP: 1/4
  1698 | D:3      | Found a hazy altar of Hepliaklqana.
  1705 | D:3      | Found an ornate altar of the Wu Jian Council.
  1781 | D:3      | Reached skill level 3 in Fighting
  1781 | D:3      | Reached XP level 5. HP: 14/32 MP: 1/5
  1784 | D:3      | 1784 ||| FLEEEEING.
  1795 | D:3      | 1795 ||| FLEEEEING.
  1797 | D:3      | 1797 ||| STAIRDANCE
  1831 | D:2      | 1831 ||| FLEEEEING.
  1864 | D:2      | 1864 ||| UPGRADING to +0 pair of boots.
  1869 | D:2      | 1869 ||| READING 2 scrolls of identify.
  1869 | D:2      | 1869 ||| IDENTIFYING bubbling black potion
  1870 | D:2      | 1870 ||| READING scroll of identify.
  1870 | D:2      | 1870 ||| IDENTIFYING scroll labelled RIFAIM KUHO
  1871 | D:2      | 1871 ||| READING scroll of enchant armour.
  1871 | D:2      | 1871 ||| ENCHANTING +0 pair of boots.
  1951 | D:3      | Found a shimmering blue altar of Sif Muna.
  1961 | D:3      | Found a glowing silver altar of Zin.
  1966 | D:3      | Found a shimmering altar of Xom.
  2161 | D:3      | 2161 ||| UPGRADING to +0 cloak.
  2166 | D:3      | 2166 ||| READING scroll of identify.
  2166 | D:3      | 2166 ||| IDENTIFYING emerald potion
  2167 | D:3      | 2167 ||| DROPPING potion of attraction.
  2197 | D:4      | 2197 ||| PLANNING OSSUARY
  2239 | D:4      | Reached skill level 6 in Ranged Weapons
  2242 | D:4      | Found a sand-covered staircase.
  2251 | Ossuary  | Entered an ossuary
  2261 | Ossuary  | Reached XP level 6. HP: 38/38 MP: 2/6
  2324 | Ossuary  | Reached skill level 7 in Ranged Weapons
  2324 | Ossuary  | Reached XP level 7. HP: 43/43 MP: 2/7
  2510 | Ossuary  | Reached skill level 8 in Ranged Weapons
  2607 | Ossuary  | 2607 ||| READING 5 scrolls of identify.
  2607 | Ossuary  | 2607 ||| IDENTIFYING sedimented golden potion
  2608 | Ossuary  | 2608 ||| READING 4 scrolls of identify.
  2608 | Ossuary  | 2608 ||| IDENTIFYING green potion
  2609 | Ossuary  | 2609 ||| READING 3 scrolls of identify.
  2609 | Ossuary  | 2609 ||| IDENTIFYING 2 silvery potions
  2610 | Ossuary  | 2610 ||| READING 2 scrolls of identify.
  2610 | Ossuary  | 2610 ||| IDENTIFYING 2 fuming cyan potions
  2611 | Ossuary  | 2611 ||| READING scroll of identify.
  2611 | Ossuary  | 2611 ||| IDENTIFYING 2 smoky emerald potions
  2612 | Ossuary  | 2612 ||| READING scroll labelled ONECLI ACWOACOQ.
  2613 | Ossuary  | 2613 ||| READING scroll labelled JESIDEL QOEPSOTEU.
  2614 | Ossuary  | 2614 ||| DRINKING 3 inky potions.
  2615 | Ossuary  | 2615 ||| DROPPING 2 potions of invisibility.
  2616 | Ossuary  | 2616 ||| DROPPING 2 potions of magic.
  2676 | D:4      | 2676 ||| PLANNING D:1-11
  2857 | D:4      | Reached XP level 8. HP: 49/49 MP: 2/8
  3128 | D:4      | Found a hide-covered altar of Uskayaw.
  3171 | D:4      | 3171 ||| DROPPING ring of magical power.
  3172 | D:4      | 3172 ||| READING scroll labelled PYTRUPL YNOI.
  3172 | D:4      | 3172 ||| ENCHANTING +4 antimagic hand cannon.
  3173 | D:4      | 3173 ||| READING scroll labelled LAPPOI HOCZYM.
  3182 | D:5      | Entered Level 5 of the Dungeon
  3447 | D:5      | Reached skill level 9 in Ranged Weapons
  3476 | D:5      | Found a staircase to the Ecumenical Temple.
  3477 | D:5      | 3477 ||| PLANNING TEMPLE
  3477 | D:5      | 3477 ||| UPGRADING to +2 ring mail of fire resistance.
  3487 | D:5      | 3487 ||| DROPPING +0 ring mail.
  3488 | D:5      | 3488 ||| READING scroll labelled JEOTES GEXOHEE.
  3494 | Temple   | Entered the Ecumenical Temple
  3495 | Temple   | 3495 ||| PLANNING OKAWARU WORSHIP
  3514 | Temple   | Became a worshipper of Warmaster Okawaru
  3515 | Temple   | 3515 ||| PLANNING D:1-11
  3847 | D:5      | Reached skill level 6 in Fighting
  3847 | D:5      | 3847 ||| FLEEEEING.
  4044 | D:6      | 4044 ||| FLEEEEING.
  4064 | D:6      | Found Ekhof's General Store.
  4102 | D:6      | Found Pisidesyrr's Distillery.
  4111 | D:6      | 4111 ||| BUYING potion of curing (39 gold).
  4111 | D:6      | Bought a potion of curing for 39 gold pieces
  4111 | D:6      | 4111 ||| BUYING potion of curing (39 gold).
  4111 | D:6      | Bought a potion of curing for 39 gold pieces
  4111 | D:6      | 4111 ||| BUYING potion of curing (39 gold).
  4111 | D:6      | Bought a potion of curing for 39 gold pieces
  4111 | D:6      | 4111 ||| BUYING potion of mutation (104 gold).
  4111 | D:6      | Bought a potion of mutation for 104 gold pieces
  4267 | D:6      | Found Ododd's Book Shoppe.
  4279 | D:6      | 4279 ||| UPGRADING to ring of positive energy.
  4291 | D:6      | Reached * piety under Okawaru
  4410 | D:6      | 4410 ||| RETREEEEATING.
  4412 | D:6      | Reached skill level 1 in Invocations
  4412 | D:6      | Reached XP level 9. HP: 44/56 MP: 2/10
  4418 | D:6      | Reached skill level 10 in Ranged Weapons
  4421 | D:6      | 4421 ||| FLEEEEING.
  4431 | D:6      | 4431 ||| STAIRDANCE
  4452 | D:5      | 4452 ||| UPGRADING to amulet of faith.
  4457 | D:5      | 4457 ||| READING 2 scrolls of identify.
  4457 | D:5      | 4457 ||| IDENTIFYING orange potion
  4458 | D:5      | 4458 ||| READING scroll of identify.
  4458 | D:5      | 4458 ||| IDENTIFYING yellow potion
  4480 | D:6      | Reached skill level 3 in Armour
  4480 | D:6      | 4480 ||| FLEEEEING.
  4731 | D:6      | 4731 ||| BUYING scroll of identify (26 gold).
  4731 | D:6      | Bought a scroll of identify for 26 gold pieces
  4731 | D:6      | 4731 ||| BUYING scroll of identify (26 gold).
  4731 | D:6      | Bought a scroll of identify for 26 gold pieces
  4731 | D:6      | 4731 ||| BUYING scroll of teleportation (39 gold).
  4731 | D:6      | Bought a scroll of teleportation for 39 gold pieces
  4731 | D:6      | 4731 ||| SHOPLISTING wand of polymorph (7) (127 gold, have
                  | 34).
  4759 | D:6      | Reached skill level 3 in Invocations
  4782 | D:6      | 4782 ||| UPGRADING to +0 pair of gloves.
  4858 | D:7      | Reached ** piety under Okawaru
  4907 | D:7      | 4907 ||| FLEEEEING.
  5045 | D:7      | 5045 ||| SWAPPING to +0 orcbow.
  5191 | D:7      | 5191 ||| FLEEEEING.
  5196 | D:7      | 5196 ||| STAIRDANCE
  5210 | D:6      | 5210 ||| READING 2 scrolls of identify.
  5210 | D:6      | 5210 ||| IDENTIFYING scroll labelled FACOQA IMNYES
  5211 | D:6      | 5211 ||| DROPPING scroll of amnesia.
  5401 | D:7      | 5401 ||| INVOKING Heroism.
  5770 | D:8      | Noticed Erica
  5771 | D:8      | 5771 ||| RETREEEEATING.
  5772 | D:8      | 5772 ||| RETREEEEATING.
  5777 | D:8      | 5777 ||| INVOKING Heroism.
  5782 | D:8      | HP: 9/57 [something (9)]
  5782 | D:8      | HP: 2/57 [killer bee (6)]
  5782 | D:8      | Constricted to death by Erica

Levels and vault maps discovered:
D:1:      dpeg_arrival_short_road, layout_rooms, serial_shops, shop,
          shapermc_ecumenical_altar_acropolis, minmay_misc_feat_ornament,
          minmay_tetromino_i2
D:2:      layout_basic
D:3:      cheibrodos_helix_gallery, layout_loops_corners,
          mainiacjoe_overflow_catwalk_spiral, grunt_temple_overflow_open,
          kennysheep_generic_room_3
D:4:      layout_basic, mainiacjoe_overflow_boulevard,
          nicolae_ossuary_entry_monument
D:5:      minmay_general_purpose_star, layout_basic,
          minmay_temple_entry_enclosed_plants, corexii_item_surrounded_by_moat,
          grunt_decor_mini_mirrors
D:6:      layout_basic, serial_shops, nicolae_book_shop_shelving,
          nicolae_shop_waterfront, nicolae_shop_advertising_works
          [nicolae_subvault_shop_adworks], nicolae_nh_ransacked_shop
D:7:      layout_gridville
D:8:      layout_cave_pools, lair_entry_dummy, uniq_maggie, uniq_erica
Temple:   regret_index_temple_waves

Skill      XL: |  1  2  3  4  5  6  7  8  9 |
---------------+----------------------------+-----
Ranged Weapons | 5 6 7 8 9 10 | 10.6
Armour         | 2 3 |  3.0
Fighting       | 3 4 5 6 7 |  7.1
Dodging        | 2 |  2.0
Invocations    | 1 4 |  4.1
Stealth        | |  1.1

Action                     |  1- 3 |  4- 6 |  7- 9 || total
---------------------------+-------+-------+-------++-------
   Fire: Shortbow          |    92 |       |       ||    92
         Hand cannon       |     7 |    65 |   246 ||   318
         Orcbow            |       |       |    79 ||    79
 Invoke: Heroism           |       |       |     2 ||     2
    Use: Scroll            |     7 |     4 |    13 ||    24
         Potion            |     1 |       |     1 ||     2
 Armour: Leather armour    |    25 |       |       ||    25
         Ring mail         |     1 |    28 |   179 ||   208
  Dodge: Dodged            |    43 |    16 |   114 ||   173

Table legend:
 A = Non-vault XP
 B = Vault XP
 C = Vault XP percentage of total XP
 D = Non-vault monster count
 E = Vault monster count
 F = Vault count percentage of total count
                 A         B        C        D         E       F
            +---------+---------+-------+---------+---------+-------
      Total |    2647 |    1043 |  28.3 |     139 |      35 |  20.1
            +---------+---------+-------+---------+---------+-------
        D:1 |      28 |       4 |  12.5 |      18 |       2 |  10.0
        D:2 |      36 |       0 |   0.0 |      12 |       0 |   0.0
        D:3 |     150 |       8 |   5.1 |      16 |       3 |  15.8
        D:4 |     244 |       0 |   0.0 |      17 |       0 |   0.0
        D:5 |     393 |     130 |  24.9 |      24 |       3 |  11.1
        D:6 |     833 |      78 |   8.6 |      25 |       3 |  10.7
        D:7 |     963 |       0 |   0.0 |      27 |       0 |   0.0
    Ossuary |       0 |     823 | 100.0 |       0 |      24 | 100.0
            +---------+---------+-------+---------+---------+-------
